 Dungeon Crawl Stone Soup version 0.21.1-1-g345015f (webtiles) character file.

81 protoss039 the Chopper (level 4, -2/31 HPs)
             Began as an Octopode Chaos Knight on June 10, 2018.
             Shot with an arrow by a centaur (17 damage)
             ... on level 3 of the Dungeon.
             The game lasted 00:09:26 (1600 turns).

protoss039 the Chopper (Octopode Chaos Knight)      Turns: 1600, Time: 00:09:27

Health: -2/31      AC:  1    Str: 11    XL:     4   Next: 42%
Magic:  4/4        EV: 14    Int: 14    God:    Xom [...*..]
Gold:   83         SH:  0    Dex: 12    Spells: 3/3 levels left

rFire    . . .     SeeInvis .   a - +0 hand axe (chaos)
rCold    . . .     Gourm    .   (no shield)
rNeg     . . .     Faith    .   (helmet restricted)
rPois    .         Spirit   .   (no amulet)
rElec    .         Reflect  .   (no ring)
rCorr    .         Harm     .   (no ring)
MR       .....                  (no ring)
Stlth    +++.......             (no ring)
HPRegen  0.10/turn              (no ring)
MPRegen  0.09/turn              (no ring)
                                (no ring)
                                (no ring)

@: no status effects
A: almost no armour, stealthy swim, amphibious, 8 rings, constrict 8, camouflage
1, gelatinous body 1
a: Renounce Religion


You were on level 3 of the Dungeon.
You worshipped Xom.
You were a favourite toy of Xom.
You were not hungry.

You visited 1 branch of the dungeon, and saw 3 of its levels.

You collected 83 gold pieces.

Inventory:

Hand Weapons
 a - a +0 hand axe of chaos (weapon)
Scrolls
 d - 3 scrolls of identify {unknown}
 g - 3 scrolls of enchant weapon {unknown}
 h - a scroll of noise {unknown}
 i - a scroll of amnesia {unknown}
Potions
 e - a potion of flight {unknown}
 f - a potion of heal wounds {unknown}
 j - a potion of ambrosia {unknown}
Comestibles
 b - 6 rations
 c - 4 chunks of flesh


   Skills:
 + Level 3.5 Fighting
 + Level 3.5 Axes
 + Level 3.0 Dodging
 * Level 3.0 Stealth


You had 3 spell levels left.
You didn't know any spells.

Dungeon Overview and Level Annotations

Branches:
Dungeon (3/15)

Altars:
Fedhas

Annotations:
D:3 KeyboardFingers's ghost, weakling TrBe


Innate Abilities, Weirdness & Mutations

You cannot wear most types of armour.
You are very stealthy in the water. (Stealth+)
You are amphibious.
You can wear up to eight rings at the same time.
You can use your tentacles to constrict eight enemies at once.
Your skin changes colour to match your surroundings (Stealth+).
Your rubbery body absorbs attacks. (AC +1, EV +1)


Message History

The orc shouts!
You hit the orc. You freeze the orc. You grab the orc.
You kill the orc!
Your Stealth skill increases to level 3!
Unknown command.
Found a stone staircase leading down.
Things that are here:
a short sword; a leather armour There isn't anything to butcher here.
There isn't anything to butcher here.
Unknown command.
A centaur comes into view.
A centaur is nearby!
The centaur wields a shortbow.
The centaur shoots an arrow.
The arrow hits you!
You see here an arrow.
The centaur shoots an arrow.
The arrow hits you!
The centaur shoots an arrow.
The arrow hits you!
Ouch! That really hurt!
You die...
Xom chortles!

#.# ###.# ..#.#
#.#.### #.#...#
#.#...# #####.#.#.#
############
......#...#
#..(@...c...
........###
#.##########
.....<..# #.#
##......#####.#
###..#.##....#
####.##.##....##
........##.....#
####.#####.....#
#.......#...#######


You could see a centaur.

Vanquished Creatures
  2 adders (D:2)
  3 oozes
  An orc (D:3)
  2 giant cockroaches (D:1)
  4 goblins
  6 hobgoblins
  3 jackals (D:2)
  5 kobolds
  2 ball pythons (D:1)
  9 bats
  4 frilled lizards
  11 rats
52 creatures vanquished.

Notes
Turn   | Place    | Note
-------+----------+-------------------------------------------
     0 | D:1      | protoss039 the Octopode Chaos Knight began the quest for the Orb.
     0 | D:1      | Reached XP level 1. HP: 16/16 MP: 1/1
    77 | D:1      | Reached XP level 2. HP: 21/21 MP: 2/2
   122 | D:1      | Reached skill level 1 in Stealth
   417 | D:1      | XOM: silly message
   419 | D:1      | Reached XP level 3. HP: 25/26 MP: 3/3
   621 | D:1      | XOM: harmless Tmut miscast
  1046 | D:2      | XOM: cloud trail
  1229 | D:2      | Reached XP level 4. HP: 31/31 MP: 4/4
  1240 | D:2      | Found a blossoming altar of Fedhas.
  1548 | D:3      | Noticed KeyboardFingers's ghost (weakling TrBe)
  1597 | D:3      | Noticed a centaur
  1600 | D:3      | Shot with an arrow by a centaur

Skill      XL: |  1  2  3  4 |
---------------+-------------+-----
Stealth        | 1 2 3 |  3.0
Dodging        | 3 |  3.0
Fighting       | |  3.5
Axes           | |  3.5

Action                   |  1- 3 |  4- 6 || total
-------------------------+-------+-------++-------
Melee: Hand axe          |    75 |    17 ||    92
       Constrict         |     8 |     2 ||    10
       Tentacles         |     8 |     1 ||     9
 Stab: Sleeping          |     8 |     4 ||    12
  Eat: Chunk             |     1 |     1 ||     2
Armor: Skin              |    12 |     3 ||    15
Dodge: Dodged            |    41 |    11 ||    52
